[Event "Chessable Masters - Torneo preliminare"]
[White "Pichot, Alan"]
[Black "Kramnik, Vladimir"]
[WhiteFideId "110973"]
[BlackFideId "4101588"]
[WhiteElo "2549"]
[BlackElo "2756"]
[Result "1/2-1/2"]
[Round "4"]
[TimeControl "600+2"]
[Date "2023.03.13"]
[WhiteClock "0:00:07"]
[BlackClock "0:00:11"]

1. e4 e5 2. Nf3 Nc6 3. Bb5 a6 4. Ba4 Nf6 5. O-O Be7 6. Re1 b5 7. Bb3 O-O 8. a4 b4 9. d3 d6 10. a5 Be6 11. Bxe6 fxe6 12. Nbd2 Qe8 13. c3 Nh5 14. Nf1 bxc3 15. bxc3 Rb8 16. d4 Rb5 17. Ng3 Nxg3 18. hxg3 Bf6 19. Be3 exd4 20. cxd4 Nxa5 21. Qc2 c5 22. e5 dxe5 23. dxe5 Be7 24. Bd2 Nc6 25. Qc4 Qc8 26. Rec1 Kh8 27. Rab1 Qb7 28. Rxb5 axb5 29. Qxe6 Rxf3 30. gxf3 Nd4 31. Qf7 Nxf3+ 32. Kf1 Nxd2+ 33. Ke2 h6 34. Qe8+ Kh7 35. Kxd2 b4 36. f4 b3 37. Qa4 Qg2+ 38. Kc3 Qxg3+ 39. Kb2 h5 40. Qe4+ Kh6 41. Ra1 c4 42. Ra8 Qf2+ 43. Kc3 g6 44. Ra6 Qg1 45. f5 Qc1+ 46. Kd4 Qd2+ 47. Kxc4 Qc2+ 48. Qxc2 bxc2 49. Rxg6+ Kh7 50. Rg1 Ba3 51. Kd3 c1=Q 52. Rxc1 Bxc1 53. Ke2 Kg7 54. Kf1 Bb2 55. Kg1 Bxe5 1/2-1/2


[Site "Internet"]

[Event "Chessable Masters - Torneo preliminare"]
[White "Andreikin, Dmitry"]
[Black "Paravyan, David"]
[WhiteFideId "4158814"]
[BlackFideId "4194985"]
[WhiteElo "2628"]
[BlackElo "2598"]
[Result "0-1"]
[Round "4"]
[TimeControl "600+2"]
[Date "2023.03.13"]
[WhiteClock "0:00:18"]
[BlackClock "0:00:13"]

1. Nf3 Nf6 2. c4 c5 3. Nc3 Nc6 4. g3 d5 5. cxd5 Nxd5 6. Bg2 Nxc3 7. bxc3 e5 8. O-O Be7 9. d3 O-O 10. Rb1 Qc7 11. Nd2 Rb8 12. c4 Bg4 13. Bb2 Nd4 14. Re1 Qd7 15. Bd5 b5 16. f3 Bf5 17. Ne4 Rb6 18. e3 Nc6 19. Nc3 bxc4 20. e4 Be6 21. dxc4 Nd4 22. Qd3 Rfb8 23. Ba3 Rxb1 24. Rxb1 Rxb1+ 25. Qxb1 Qc8 26. Kg2 h5 27. Bc1 Bd8 28. Be3 Bb6 29. Qd1 Ba5 30. Bxe6 fxe6 31. Na4 Qc6 32. Nb2 Bc3 33. Nd3 Qa6 34. Bxd4 Bxd4 35. Qc2 Qa5 36. Kh3 Kh7 37. g4 hxg4+ 38. fxg4 Qd8 39. Kg3 Be3 40. Qc3 Bg5 41. Kg2 Bf4 42. Nxe5 Qh4 43. h3 Qf6 44. Qf3 Bxe5 45. Qe3 Qf4 46. Qxf4 Bxf4 47. Kf3 Bg5 48. Kg3 Kg6 49. h4 Bf6 50. Kh3 Be7 51. e5 Bd8 52. Kg3 Kh6 53. a4 Kg6 54. Kh3 Bc7 0-1


[Site "Internet"]

[Event "Chessable Masters - Torneo preliminare"]
[White "Wei, Yi"]
[Black "Terry, Renato"]
[WhiteFideId "8603405"]
[BlackFideId "3803457"]
[WhiteElo "2716"]
[BlackElo "2472"]
[Result "1/2-1/2"]
[Round "4"]
[TimeControl "600+2"]
[Date "2023.03.13"]
[WhiteClock "0:00:09"]
[BlackClock "0:00:03"]

1. d4 d5 2. c4 dxc4 3. e4 e5 4. Nf3 exd4 5. Bxc4 Nc6 6. O-O Be6 7. Nbd2 Nf6 8. Qb3 Qd7 9. Ng5 Bxc4 10. Nxc4 Bc5 11. Bf4 O-O 12. Qxb7 h6 13. Nf3 Nxe4 14. Rac1 Rfb8 15. Qxc7 Qxc7 16. Bxc7 Rc8 17. Bf4 Nb4 18. Rcd1 Nxa2 19. Nxd4 Nb4 20. Ne3 Re8 21. Nb3 Bb6 22. Nc4 Rad8 23. Nxb6 axb6 24. f3 Nf6 25. Nd4 Rd5 26. Nb3 Nd3 27. Bg3 Nxb2 28. Rxd5 Nxd5 29. Nd4 Nc3 30. Ra1 b5 31. h3 b4 32. Ra7 Rd8 33. Nc6 Rd2 34. Nxb4 Nc4 35. Bc7 Ne3 36. Bb6 Rxg2+ 37. Kh1 Re2 38. Ra8+ Kh7 39. Bxe3 Rxe3 40. Ra3 Rxf3 41. Nd5 Rxh3+ 42. Kg2 Nxd5 43. Kxh3 Kg6 44. Kh4 Nf6 45. Ra7 Nh7 46. Ra6+ f6 47. Kg4 Ng5 48. Kf4 h5 49. Rb6 Nf7 50. Ra6 Ne5 51. Rb6 Nd3+ 52. Ke4 Nc5+ 53. Kf4 Nd7 54. Ra6 Nf8 55. Rb6 Nh7 56. Ra6 Kh6 57. Ra7 g6 58. Rf7 f5 59. Ra7 h4 60. Ra8 Kg7 61. Ra7+ Kh6 62. Ra8 Kg7 63. Ra7+ Kh6 1/2-1/2


[Site "Internet"]

[Event "Chessable Masters - Torneo preliminare"]
[White "Mamedyarov, Shakhriyar"]
[Black "Narayanan, Srinath"]
[WhiteFideId "13401319"]
[BlackFideId "5018420"]
[WhiteElo "2703"]
[BlackElo "2482"]
[Result "1/2-1/2"]
[Round "4"]
[TimeControl "600+2"]
[Date "2023.03.13"]
[WhiteClock "0:00:41"]
[BlackClock "0:00:19"]

1. d4 d5 2. c4 dxc4 3. Nf3 Nf6 4. e3 e6 5. Bxc4 c5 6. O-O a6 7. b3 cxd4 8. Nxd4 Bd6 9. Bb2 O-O 10. Nd2 e5 11. N4f3 Nc6 12. Qb1 Qe7 13. Ne4 Nxe4 14. Qxe4 Be6 15. Rfd1 Bxc4 16. bxc4 Ba3 17. Bxa3 Qxa3 18. Ng5 g6 19. Qh4 h5 20. g4 f6 21. Ne6 Rf7 22. gxh5 g5 23. Qe4 Qe7 24. Rd6 Kh8 25. Rad1 Nd4 26. Qd5 Ne2+ 27. Kg2 Nc3 28. Rd8+ Kh7 29. Qd3+ e4 30. Qd6 Rxd8 31. Nxd8 Nxd1 32. Nxf7 Nxe3+ 33. fxe3 Qxf7 34. Qd5 Qxh5 35. Qxe4+ Kh6 36. Kg3 Qe2 37. Qe7 Kg6 38. Qe8+ Kg7 39. Qe7+ Kg6 40. Qe4+ Kh6 41. a4 Qe1+ 42. Kg4 Qf2 43. Kh3 f5 44. Qe6+ Kh5 45. Qf7+ Kh6 46. Qf6+ Kh5 47. Qf7+ Kh6 48. Qf6+ Kh5 49. Qf7+ 1/2-1/2


[Site "Internet"]

[Event "Chessable Masters - Torneo preliminare"]
[White "Salem, A.R. Saleh"]
[Black "Vaibhav, Suri"]
[WhiteFideId "9301348"]
[BlackFideId "5045185"]
[WhiteElo "2654"]
[BlackElo "2543"]
[Result "1-0"]
[Round "4"]
[TimeControl "600+2"]
[Date "2023.03.13"]
[WhiteClock "0:00:07"]
[BlackClock "0:01:25"]

1. d4 Nf6 2. c4 e6 3. Nf3 d5 4. g3 dxc4 5. Bg2 c6 6. Ne5 Bb4+ 7. Nc3 Nd5 8. Bd2 b5 9. a4 Bb7 10. O-O Bxc3 11. bxc3 Nd7 12. e4 N5f6 13. Ng4 O-O 14. Bg5 Qc7 15. Nxf6+ Nxf6 16. Bxf6 gxf6 17. Qh5 c5 18. axb5 cxd4 19. cxd4 Rfd8 20. Qc5 Qb6 21. Rfd1 Rac8 22. Qe7 c3 23. Qxf6 c2 24. Qg5+ Kf8 25. Qh6+ Ke8 26. Rdc1 Rxd4 27. Bf3 Rd3 28. Be2 Rd7 29. Qxh7 Rd2 30. Qg8+ Kd7 31. Qxf7+ Kd8 32. Qf6+ Kd7 33. Qg7+ Kd6 34. e5+ Kc5 35. Qe7+ Kd5 36. Qd7+ Kxe5 37. Qxd2 Rf8 38. Qe3+ 1-0


[Site "Internet"]

[Event "Chessable Masters - Torneo preliminare"]
[White "Kamsky, Gata"]
[Black "Bortnyk, Olexandr"]
[WhiteFideId "2000024"]
[BlackFideId "14120828"]
[WhiteElo "2630"]
[BlackElo "2643"]
[Result "1/2-1/2"]
[Round "4"]
[TimeControl "600+2"]
[Date "2023.03.13"]
[WhiteClock "0:00:50"]
[BlackClock "0:00:22"]

1. d4 d6 2. Nf3 Nf6 3. c4 g6 4. Nc3 Bg7 5. Bg5 Nbd7 6. e3 O-O 7. Be2 c6 8. O-O Qc7 9. b4 e5 10. Rc1 Re8 11. Bh4 a5 12. b5 a4 13. a3 Qa5 14. h3 exd4 15. Nxd4 Ne5 16. bxc6 bxc6 17. Bg3 Bb7 18. Qc2 Nfd7 19. Rfd1 Nc5 20. Rb1 Re7 21. Ne4 Nxe4 22. Qxe4 Qc3 23. Qc2 Qxa3 24. Bh4 Rc7 25. Ra1 Qb4 26. Rdb1 Qa5 27. Ra3 c5 28. Nb5 Rd7 29. Rba1 Qb4 30. Rb1 Qa5 31. Rba1 Qb4 32. Rb1 Qa5 1/2-1/2


[Site "Internet"]

[Event "Chessable Masters - Torneo preliminare"]
[White "Sadhwani, Raunak"]
[Black "Antipov, Mikhail Al."]
[WhiteFideId "35093487"]
[BlackFideId "4107012"]
[WhiteElo "2550"]
[BlackElo "2593"]
[Result "0-1"]
[Round "4"]
[TimeControl "600+2"]
[Date "2023.03.13"]
[WhiteClock "0:00:07"]
[BlackClock "0:03:13"]

1. d4 Nf6 2. Nc3 d5 3. Bf4 g6 4. e3 Nh5 5. Bg5 f6 6. Bh4 c6 7. e4 Bh6 8. Bg3 Qb6 9. Rb1 dxe4 10. Nxe4 Bf5 11. Nc3 Na6 12. Bc4 e5 13. Nf3 exd4 14. Qe2+ Kd7 15. Nxd4 Rae8 16. Nxf5 Rxe2+ 17. Bxe2 Nxg3 18. hxg3 Bf8 19. Nh4 Bg7 20. O-O f5 21. Bc4 Re8 22. Nf3 Qc5 23. Rfd1+ Kc7 24. Bxa6 bxa6 25. Rd3 Rd8 26. Re3 Qc4 27. a3 Bxc3 28. Rxc3 Qa2 29. Re1 Qxb2 30. Re7+ Rd7 31. Ree3 Rd1+ 32. Kh2 Qa1 0-1


[Site "Internet"]

[Event "Chessable Masters - Torneo preliminare"]
[White "Drozdowski, Kacper"]
[Black "Dubov, Daniil"]
[WhiteFideId "1136720"]
[BlackFideId "24126055"]
[WhiteElo "2472"]
[BlackElo "2727"]
[Result "0-1"]
[Round "4"]
[TimeControl "600+2"]
[Date "2023.03.13"]
[WhiteClock "0:00:57"]
[BlackClock "0:05:52"]

1. e4 c5 2. Nf3 e6 3. d4 cxd4 4. Nxd4 Nf6 5. Nc3 Nc6 6. Nxc6 bxc6 7. e5 Nd5 8. Ne4 Qc7 9. f4 Qb6 10. c4 Ne3 11. Qd3 Bb4+ 12. Bd2 Ba6 13. Rc1 Bxc4 14. Rxc4 Nxc4 15. Qxc4 Bxd2+ 16. Nxd2 Qxb2 17. Bd3 O-O 18. Ke2 Rab8 19. Rb1 Qa3 20. Qe4 g6 21. Rxb8 Rxb8 22. Qd4 Qxa2 23. Qxd7 Qd5 24. Qxd5 exd5 25. Bc2 Rb4 26. g3 a5 27. Nb1 a4 28. Kd2 c5 29. Kc3 h5 30. h4 Kf8 31. Nd2 Ke7 32. Nb1 Ke6 33. Na3 d4+ 34. Kd2 Kd5 35. f5 gxf5 36. Bxf5 Rb3 37. Nc2 Rxg3 0-1


[Site "Internet"]

[Event "Chessable Masters - Torneo preliminare"]
[White "Keymer, Vincent"]
[Black "Chigaev, Maksim"]
[WhiteFideId "12940690"]
[BlackFideId "4108116"]
[WhiteElo "2630"]
[BlackElo "2568"]
[Result "1/2-1/2"]
[Round "4"]
[TimeControl "600+2"]
[Date "2023.03.13"]
[WhiteClock "0:00:14"]
[BlackClock "0:00:44"]

1. Nf3 Nf6 2. c4 g6 3. Nc3 Bg7 4. g3 O-O 5. Bg2 c5 6. d4 d6 7. O-O Nc6 8. dxc5 dxc5 9. Be3 b6 10. Ne5 Nxe5 11. Bxa8 Nxc4 12. Bc1 Bf5 13. Bf3 Qxd1 14. Nxd1 h5 15. Nc3 Ng4 16. Bd5 Nd6 17. Bg5 Re8 18. Rad1 Nf6 19. Bg2 Kf8 20. b3 Rc8 21. Bf4 Nfe8 22. Nd5 Nb5 23. Bg5 Nf6 24. Nxf6 Bxf6 25. Bxf6 exf6 26. Rd2 Ke7 27. Rc1 a5 28. e3 Be6 29. Bf1 Na3 30. Rcd1 b5 31. Rd6 Bg4 32. R1d5 Bf3 33. Rd7+ Ke8 34. R5d6 c4 35. Ra7 c3 36. Rdd7 c2 37. Re7+ Kf8 38. Rxf7+ Kg8 39. Rg7+ Kh8 40. Rh7+ Kg8 41. Rag7+ Kf8 42. Rf7+ Kg8 43. Rhg7+ Kh8 44. Rh7+ Kg8 45. Rhg7+ Kh8 46. Rh7+ Kg8 1/2-1/2


[Site "Internet"]

[Event "Chessable Masters - Torneo preliminare"]
[White "Le, Tuan Minh"]
[Black "Perez Ponsa, Federico"]
[WhiteFideId "12401153"]
[BlackFideId "117927"]
[WhiteElo "2489"]
[BlackElo "2586"]
[Result "1-0"]
[Round "4"]
[TimeControl "600+2"]
[Date "2023.03.13"]
[WhiteClock "0:00:14"]
[BlackClock "0:03:02"]

1. d4 Nf6 2. Nf3 g6 3. c4 Bg7 4. g3 O-O 5. Bg2 d6 6. O-O Nc6 7. Nc3 e5 8. h3 exd4 9. Nxd4 Nxd4 10. Qxd4 Be6 11. Qd3 Nd7 12. b3 Nc5 13. Qd2 Qd7 14. Kh2 f5 15. Bb2 f4 16. Nd5 fxg3+ 17. fxg3 Bxd5 18. Qxd5+ Kh8 19. Bxg7+ Qxg7 20. b4 c6 21. Qxd6 Na4 22. Rxf8+ Rxf8 23. Rf1 Re8 24. e4 Nc3 25. a3 h5 26. Rf4 Kh7 27. h4 Re7 28. Bf3 Rd7 29. Qb8 Rd2+ 30. Bg2 Nd1 31. Qe8 Rd7 32. Rf3 Re7 33. Qd8 Rd7 34. Qg5 Nc3 35. e5 Ne4 36. Qe3 Nd2 37. Rf4 Qe7 38. e6 Rd6 39. Rf7+ 1-0


[Site "Internet"]

[Event "Chessable Masters - Torneo preliminare"]
[White "Smirnov, Pavel"]
[Black "Aditya, Mittal"]
[WhiteFideId "4123425"]
[BlackFideId "35042025"]
[WhiteElo "2470"]
[BlackElo "2386"]
[Result "1/2-1/2"]
[Round "4"]
[TimeControl "600+2"]
[Date "2023.03.13"]
[WhiteClock "0:02:45"]
[BlackClock "0:01:12"]

1. d4 Nf6 2. c4 e6 3. g3 d5 4. Nf3 dxc4 5. Bg2 Nc6 6. Qa4 Bb4+ 7. Bd2 Nd5 8. Bxb4 Nxb4 9. O-O Rb8 10. Na3 O-O 11. Qb5 b6 12. Qxc4 Ba6 13. Nb5 Qd5 14. Qxd5 Nxd5 15. a4 Bb7 16. Rac1 a6 17. Nc3 Ndb4 18. Rfd1 Rfd8 19. e4 Na5 20. b3 c5 21. dxc5 bxc5 22. Rb1 Rxd1+ 23. Rxd1 Nxb3 24. Ne5 f6 25. Bh3 Nd4 26. Nd7 Rc8 27. Nxc5 Nf3+ 28. Kg2 Rxc5 29. Rd8+ Kf7 30. Rd7+ Kg6 31. Rxb7 Rxc3 32. Rxb4 Ne1+ 33. Kf1 Nd3 34. Rd4 Nc5 35. f4 Kf7 36. Rd6 e5 37. fxe5 fxe5 38. Rc6 a5 39. Rc7+ Kf6 40. Ra7 Rc1+ 41. Kg2 Nxe4 42. Ra6+ Kg5 43. Rxa5 Rc2+ 44. Kf3 Nc5 45. Bf1 Rc3+ 46. Ke2 Kf5 47. Kd2 Ne4+ 48. Kd1 Nc5 49. Kd2 Ne4+ 50. Kd1 Nc5 51. Kd2 1/2-1/2


[Site "Internet"]

[Event "Chessable Masters - Torneo preliminare"]
[White "Oparin, Grigoriy"]
[Black "Kosteniuk, Alexandra"]
[WhiteFideId "24125890"]
[BlackFideId "4128125"]
[WhiteElo "2650"]
[BlackElo "2524"]
[Result "1-0"]
[Round "4"]
[TimeControl "600+2"]
[Date "2023.03.13"]
[WhiteClock "0:00:28"]
[BlackClock "0:00:06"]

1. d4 Nf6 2. c4 e6 3. Nf3 d5 4. g3 dxc4 5. Bg2 Nc6 6. Qa4 Bb4+ 7. Nc3 Bd7 8. Qc2 O-O 9. O-O Rb8 10. Rd1 b5 11. e4 Be7 12. a3 Na5 13. Bf4 Nb3 14. Rab1 Qc8 15. Qe2 h6 16. d5 exd5 17. e5 Nh7 18. Nxd5 Bd8 19. Nd2 Bg4 20. f3 Nxd2 21. Rxd2 Bf5 22. Rbd1 Bd3 23. Qf2 a5 24. Bf1 Bg6 25. h4 c6 26. Nc3 Bb6 27. Be3 Bxe3 28. Qxe3 Re8 29. Rd6 Qf5 30. g4 Qc8 31. Qc5 Nf8 32. h5 Bc2 33. R1d2 Bh7 34. Rxc6 Qb7 35. Nd5 Ne6 36. Qb6 Qxb6+ 37. Nxb6 Nf4 38. Nd7 Rbd8 39. Rd4 Ne6 40. Rdd6 Ng5 41. Kf2 Ne6 42. Rb6 Nf4 43. Kg3 Nd3 44. Bxd3 Bxd3 45. Rxb5 Kh8 46. Rxa5 Re7 47. Rad5 Rc8 48. Nb6 Rcc7 49. Kf4 Kh7 50. a4 Ra7 51. a5 Rec7 52. Ke3 Bf1 53. Kf2 Bd3 54. f4 Rcb7 55. Rc5 Rc7 56. Rxc7 Rxc7 57. Nd5 Rc5 58. a6 Ra5 59. Nc3 Ra1 60. Ke3 g6 61. hxg6+ Kg7 62. gxf7 1-0


[Site "Internet"]

[Event "Chessable Masters - Torneo preliminare"]
[White "Meier, Georg"]
[Black "Mikaelyan, Arman"]
[WhiteFideId "4675789"]
[BlackFideId "13304852"]
[WhiteElo "2624"]
[BlackElo "2456"]
[Result "1-0"]
[Round "4"]
[TimeControl "600+2"]
[Date "2023.03.13"]
[WhiteClock "0:02:11"]
[BlackClock "0:00:04"]

1. Nf3 Nf6 2. g3 g6 3. Bg2 Bg7 4. O-O O-O 5. d4 d5 6. c4 dxc4 7. Na3 c5 8. dxc5 c3 9. Nb5 Na6 10. Nxc3 Nxc5 11. Be3 Nfe4 12. Nxe4 Nxe4 13. Bd4 Bxd4 14. Qxd4 Qxd4 15. Nxd4 Nd6 16. Rfc1 Bg4 17. f3 Bd7 18. Rc7 Rfd8 19. f4 Rac8 20. Rac1 Ne8 21. Rxc8 Rxc8 22. Rxc8 Bxc8 23. Nb5 a5 24. Na7 Be6 25. Bxb7 Bxa2 26. Nc6 a4 27. Nxe7+ Kf8 28. Bd5 Bb1 29. Nc8 Nc7 30. Bc6 Bc2 31. Nb6 Ke7 32. Bxa4 Bb1 33. Bb3 Nb5 34. Nd5+ Kd6 35. Nc3 Nxc3 36. bxc3 f6 37. Kf2 Kc5 38. Kf3 h6 39. e4 g5 40. Bd5 Kd6 41. Kg4 Bd3 42. Kf5 Ke7 43. Kg6 gxf4 44. gxf4 Be2 45. Kxh6 1-0


[Site "Internet"]

[Event "Chessable Masters - Torneo preliminare"]
[White "Cardoso Cardoso, Jose Gabriel"]
[Black "Sarana, Alexey"]
[WhiteFideId "4430492"]
[BlackFideId "24133795"]
[WhiteElo "2425"]
[BlackElo "2643"]
[Result "0-1"]
[Round "4"]
[TimeControl "600+2"]
[Date "2023.03.13"]
[WhiteClock "0:00:03"]
[BlackClock "0:05:30"]

1. d4 Nf6 2. c4 e6 3. Nc3 Bb4 4. e3 d5 5. Nf3 O-O 6. Bd2 b6 7. cxd5 exd5 8. Rc1 Bb7 9. Bd3 Nbd7 10. Nb5 Bxd2+ 11. Qxd2 c5 12. b3 Ne4 13. Qe2 Ndf6 14. O-O Qe7 15. Ne5 Rfc8 16. f3 Nd6 17. Nxd6 Qxd6 18. Qd2 Rc7 19. Rc2 Rac8 20. Rfc1 g6 21. Bf1 Kg7 22. Qf2 Ng8 23. Qd2 Ne7 24. Bd3 h5 25. f4 Rd8 26. Qf2 Bc8 27. Rc3 Be6 28. Qb2 f6 29. Nxg6 Nxg6 30. f5 Bxf5 31. Bxf5 Ne7 32. Qf2 Rc6 33. Bb1 Rdc8 34. Qc2 f5 35. Qd2 Qf6 36. dxc5 Rxc5 37. Rxc5 Rxc5 38. Rf1 Rc6 39. Qe2 Qg5 40. Qb2+ Qf6 41. Qe2 Qe5 42. Qf2 Re6 43. h4 Kg6 44. Kh1 a5 45. Qf3 Kh6 46. Re1 Rg6 47. Qf4+ Qxf4 48. exf4 Nc6 49. Bxf5 Rf6 50. Bb1 d4 51. g3 Rd6 52. Kg2 Kg7 53. Kf3 Nb4 54. a3 Nd5 55. Rc1 Nc3 56. Bf5 Kf6 57. Bd3 Re6 58. Kf2 Re3 59. Rxc3 Ke7 60. b4 a4 61. Rc7+ Kd6 62. Rc8 Rxd3 63. f5 Ke5 64. f6 Kxf6 65. Rc6+ Kf5 66. Rxb6 Rxa3 67. Rd6 Rd3 68. b5 a3 69. Ra6 Rb3 70. b6 Ke4 71. b7 Rxb7 72. Rxa3 Rb2+ 73. Kf1 d3 74. Ra8 Rb1+ 75. Kf2 d2 76. Re8+ Kf5 0-1


[Site "Internet"]

[Event "Chessable Masters - Torneo preliminare"]
[White "Yu, Yangyi"]
[Black "Vallejo Pons, Francisco"]
[WhiteFideId "8603820"]
[BlackFideId "2205530"]
[WhiteElo "2734"]
[BlackElo "2662"]
[Result "1-0"]
[Round "4"]
[TimeControl "600+2"]
[Date "2023.03.13"]
[WhiteClock "0:04:39"]
[BlackClock "0:02:30"]

1. Nf3 e6 2. g3 b5 3. d3 Bb7 4. e4 d6 5. c3 Nd7 6. a4 a6 7. Na3 b4 8. Nc4 a5 9. Bg2 Ngf6 10. O-O Be7 11. Nd4 O-O 12. Nb3 c5 13. e5 Bxg2 14. exf6 Bxf1 15. fxe7 Qxe7 16. Qxf1 d5 17. Ncxa5 bxc3 18. bxc3 Qd8 19. c4 Rxa5 20. Nxa5 Qxa5 21. cxd5 exd5 22. Bf4 h6 23. Qh3 Qc3 24. Rc1 1-0


[Site "Internet"]

[Event "Chessable Masters - Torneo preliminare"]
[White "Fressinet, Laurent"]
[Black "Neiksans, Arturs"]
[WhiteFideId "608742"]
[BlackFideId "11601388"]
[WhiteElo "2689"]
[BlackElo "2553"]
[Result "1-0"]
[Round "4"]
[TimeControl "600+2"]
[Date "2023.03.13"]
[WhiteClock "0:00:31"]
[BlackClock "0:00:33"]

1. d4 Nf6 2. Nf3 e6 3. Bg5 h6 4. Bh4 b6 5. Nbd2 Bb7 6. e3 d6 7. a4 a6 8. a5 b5 9. c4 bxc4 10. Bxc4 g5 11. Bg3 g4 12. Nh4 Be7 13. O-O h5 14. Qb3 Bc6 15. Rac1 Nfd7 16. Nf5 exf5 17. Bxf7+ Kf8 18. Bg6 Kg7 19. Qf7+ Kh6 20. Bxf5 Qe8 21. Qxe8 Rxe8 22. Rxc6 Nxc6 23. Bxd7 Nb4 24. Bxe8 Rxe8 25. Rc1 c5 26. dxc5 dxc5 27. Nc4 Rd8 28. Kf1 Rd3 29. Ke2 Bf6 30. Be5 Bxe5 31. Nxe5 Rd5 32. Nc4 Rd3 33. Rc3 Rd8 34. Nb6 h4 35. Rxc5 Nd3 36. Rc2 Ne5 37. Nc4 Nc6 38. Rd2 Rc8 39. Rd6+ Kh5 40. Rd5+ Kh6 41. Rc5 1-0


[Site "Internet"]

[Event "Chessable Masters - Torneo preliminare"]
[White "Frolyanov, Dmitry"]
[Black "Esipenko, Andrey"]
[WhiteFideId "4151976"]
[BlackFideId "24175439"]
[WhiteElo "2451"]
[BlackElo "2682"]
[Result "1/2-1/2"]
[Round "4"]
[TimeControl "600+2"]
[Date "2023.03.13"]
[WhiteClock "0:00:18"]
[BlackClock "0:00:04"]

1. d4 Nf6 2. c4 e6 3. Nf3 d5 4. g3 Bb4+ 5. Bd2 Be7 6. Bg2 O-O 7. O-O c6 8. Qc2 Nbd7 9. Rd1 b6 10. Bf4 Ba6 11. Nbd2 Nh5 12. Be3 Nhf6 13. Rac1 Rc8 14. Bg5 Bb7 15. e4 h6 16. Bxf6 Nxf6 17. Ne5 dxc4 18. Ndxc4 b5 19. Ne3 Qb6 20. Qe2 Rfd8 21. Nxf7 Kxf7 22. e5 Nh7 23. Be4 Kg8 24. Qg4 Nf8 25. h4 Rd7 26. Rd3 Rcd8 27. Rcd1 Kh8 28. Bg2 Qc7 29. Qf4 c5 30. d5 exd5 31. Nxd5 Bxd5 32. Rxd5 Ng6 33. Qf5 Rxd5 34. Rxd5 Nf8 35. Qf7 Bd6 36. Qf5 Be7 37. Qf7 a6 38. Rxd8 Qxd8 39. Bd5 Nd7 40. Qf5 c4 41. a4 c3 42. axb5 cxb2 43. bxa6 Nc5 44. Ba2 Nxa6 45. Bb1 Qg8 46. Qc2 Bc5 47. Qxb2 Nb4 48. Qc3 Qf8 49. Qe1 Nc6 50. Kg2 Bd4 51. f4 Qb8 52. Qe4 Kg8 53. Ba2+ Kh8 54. Bb1 Kg8 55. Ba2+ Kh8 56. Bb1 1/2-1/2


[Site "Internet"]

[Event "Chessable Masters - Torneo preliminare"]
[White "Tari, Aryan"]
[Black "Santos Ruiz, Miguel"]
[WhiteFideId "1510045"]
[BlackFideId "22291482"]
[WhiteElo "2539"]
[BlackElo "2491"]
[Result "1-0"]
[Round "4"]
[TimeControl "600+2"]
[Date "2023.03.13"]
[WhiteClock "0:00:35"]
[BlackClock "0:00:05"]

1. e4 e5 2. Nf3 Nc6 3. d4 exd4 4. Nxd4 Nf6 5. Nxc6 bxc6 6. Nd2 Bc5 7. Nb3 Bb6 8. Bd3 d5 9. exd5 O-O 10. O-O cxd5 11. h3 Re8 12. Bg5 h6 13. Bh4 Qd6 14. Qf3 Ne4 15. Rad1 g5 16. Bxe4 dxe4 17. Qc3 Qe7 18. Bg3 f5 19. Qc6 Be6 20. Be5 Qf7 21. Nc5 Rac8 22. Bc3 Kh7 23. Rd4 Re7 24. Rfd1 Rce8 25. Rd8 Rxd8 26. Rxd8 Bxc5 27. Qxc5 Rd7 28. Rh8+ Kg6 29. h4 f4 30. Rf8 Qe7 31. Rf6+ Kh5 32. Qc6 Rd1+ 33. Kh2 Bd7 34. Rxh6+ Kg4 35. Qg6 f3 36. Qh5+ Kf5 37. Rf6+ 1-0


[Site "Internet"]

[Event "Chessable Masters - Torneo preliminare"]
[White "Flores, Diego"]
[Black "Vokhidov, Shamsiddin"]
[WhiteFideId "108049"]
[BlackFideId "14204223"]
[WhiteElo "2598"]
[BlackElo "2514"]
[Result "0-1"]
[Round "4"]
[TimeControl "600+2"]
[Date "2023.03.13"]
[WhiteClock "0:01:47"]
[BlackClock "0:05:34"]

1. c4 e5 2. Nc3 Nf6 3. Nf3 Nc6 4. e3 Bb4 5. Nd5 Bd6 6. d4 exd4 7. exd4 O-O 8. Bg5 Qe8+ 9. Be2 Nxd5 10. cxd5 Ne7 11. Bxe7 Qxe7 12. O-O b6 13. Re1 Bb4 14. Rf1 Bb7 15. Bc4 b5 16. Bb3 Qd6 17. Qd3 Bxd5 18. Ng5 g6 19. a3 Ba5 20. Qxb5 Bxb3 21. Qxb3 Qxd4 22. Qh3 h5 23. Rad1 Qf4 24. Rd5 Bb6 25. Qxd7 Rae8 26. Nh3 Qf6 27. Rd2 Rd8 0-1


[Site "Internet"]

[Event "Chessable Masters - Torneo preliminare"]
[White "Bindrich, Falko"]
[Black "Pantsulaia, Levan"]
[WhiteFideId "4676670"]
[BlackFideId "13602071"]
[WhiteElo "2548"]
[BlackElo "2533"]
[Result "0-1"]
[Round "4"]
[TimeControl "600+2"]
[Date "2023.03.13"]
[WhiteClock "0:00:44"]
[BlackClock "0:00:20"]

1. d4 c5 2. e3 Nf6 3. Nf3 b6 4. Bd3 Bb7 5. O-O e6 6. c4 cxd4 7. exd4 d5 8. Nc3 Be7 9. Bg5 Nbd7 10. Re1 O-O 11. Qe2 dxc4 12. Bxc4 Rc8 13. Ba6 Qc7 14. d5 Bxa6 15. Qxa6 Nc5 16. Qe2 Rfe8 17. Rad1 Qb7 18. b4 Na6 19. dxe6 Bxb4 20. Bxf6 Rxe6 21. Qd3 Rxf6 22. Nd5 Bxe1 23. Rxe1 Re6 24. Rd1 Nc5 25. Qf5 h6 26. Ne5 Rce8 27. f4 Rd6 28. Ne7+ Qxe7 29. Rxd6 f6 0-1


[Site "Internet"]

[Event "Chessable Masters - Torneo preliminare"]
[White "Ponkratov, Pavel"]
[Black "Petrov, Nikita"]
[WhiteFideId "4157800"]
[BlackFideId "4101286"]
[WhiteElo "2586"]
[BlackElo "2514"]
[Result "0-1"]
[Round "4"]
[TimeControl "600+2"]
[Date "2023.03.13"]
[WhiteClock "0:02:43"]
[BlackClock "0:00:06"]

1. e4 e5 2. Nf3 Nc6 3. c3 Nf6 4. d3 d5 5. Nbd2 a5 6. Be2 Bc5 7. O-O O-O 8. b3 Re8 9. a3 h6 10. Rb1 dxe4 11. dxe4 Be6 12. Bb5 Bg4 13. b4 axb4 14. axb4 Bd6 15. h3 Bd7 16. Bc4 Qe7 17. Qc2 Nh5 18. Rd1 Qf6 19. Nh2 Nf4 20. Ndf1 Qg6 21. Ng3 h5 22. Nf3 Qf6 23. h4 Be6 24. Bxe6 Qxe6 25. Bxf4 exf4 26. Nf5 Qxe4 27. Qxe4 Rxe4 28. Nxd6 cxd6 29. Rxd6 Ne5 30. Ng5 Re2 31. Rbd1 g6 32. R6d4 f3 33. gxf3 Raa2 34. Re4 Nxf3+ 35. Kh1 Rxf2 36. Nxf3 Rxf3 37. c4 Rb2 38. c5 Rfb3 39. Rdd4 Rc2 40. Rd1 Kg7 41. Rf1 Rbb2 42. Rd1 Rh2+ 43. Kg1 Rhg2+ 44. Kh1 Rg4 45. Rdd4 Rb1+ 46. Kh2 Rb2+ 47. Kh1 Rxe4 48. Rxe4 Kf6 49. Kg1 Kf5 50. Re7 Rxb4 51. Rxf7+ Kg4 52. Kf2 Rf4+ 0-1


[Site "Internet"]

[Event "Chessable Masters - Torneo preliminare"]
[White "Fier, Alexandr"]
[Black "Chirila, Ioan-Cristian"]
[WhiteFideId "2107139"]
[BlackFideId "1211668"]
[WhiteElo "2504"]
[BlackElo "2508"]
[Result "1-0"]
[Round "4"]
[TimeControl "600+2"]
[Date "2023.03.13"]
[WhiteClock "0:04:27"]
[BlackClock "0:01:48"]

1. e4 c5 2. Nf3 Nc6 3. Bb5 g6 4. Bxc6 dxc6 5. d3 Bg7 6. h3 Nf6 7. Nc3 Qc7 8. Be3 b6 9. Qd2 O-O 10. Bh6 e5 11. Bxg7 Kxg7 12. O-O Nh5 13. Ne2 f5 14. exf5 Bxf5 15. Qe3 Nf4 16. Nxf4 exf4 17. Qd2 Be6 18. Rae1 Bd5 19. Ne5 h5 20. c4 Bg8 21. Re4 Rad8 22. Rfe1 Rd4 23. Qc3 Rxe4 24. Rxe4 Kh6 25. Nxc6 Qxc6 26. Qh8+ Kg5 27. Re5+ Kh4 28. Qg7 Re8 29. Kh2 1-0


[Site "Internet"]